 Dungeon Crawl Stone Soup version 0.16.2-12-gd0ad4c3 (webtiles) character file.

1747 Kloppie the Fighter (level 9, -1/61 HPs)
             Began as a Gargoyle Fighter on Nov 1, 2015.
             Was a Believer of the Shining One.
             Shot with an arrow by a centaur (2 damage)
             ... on level 6 of the Dungeon.
             The game lasted 00:12:58 (6152 turns).

Kloppie the Fighter (Gargoyle Fighter)              Turns: 6152, Time: 00:12:58

Health: -1/61      AC: 12    Str: 25    XL:     9   Next: 6%
Magic:  9/9        EV:  7    Int:  8    God:    the Shining One [**....]
Gold:   427        SH: 10    Dex: 10    Spells: 0 memorised, 8 levels left

rFire  . . .     SeeInvis .     a - +1 flail
rCold  . . .     Clarity  .     b - +0 scale mail
rNeg   + + .     SustAb   .     c - +1 shield
rPois  ∞         Gourm    .     (no helmet)
rElec  +         Spirit   .     (no cloak)
rCorr  .         Warding  .     (no gloves)
rMut   .         Stasis   +     (no boots)
MR     .....                    C - amulet of stasis
Stlth  ..........               (no ring)
                                F - +2 ring of strength

@: glowing, not resistant to hostile enchantments, extremely unstealthy
A: negative energy resistance 1, electricity resistance, unbreathing,
petrification resistance, rot immunity, AC +5
a: Divine Shield, Renounce Religion


You were on level 6 of the Dungeon.
You worshipped the Shining One.
The Shining One was pleased with you.
You were not hungry.

You visited 2 branches of the dungeon, and saw 7 of its levels.
You also visited: Sewer.

You collected 427 gold pieces.

Inventory:

Hand weapons
 a - a +1 flail (weapon)
Missiles
 y - 15 bolts
Armour
 b - a +0 scale mail (worn)
 c - a +1 shield (worn)
Jewellery
 C - an amulet of stasis (around neck)
 F - a +2 ring of strength (left hand)
Magical devices
 I - a wand of enslavement (24)
Scrolls
 i - 3 scrolls of enchant armour
 o - 3 scrolls of blinking
 s - 4 scrolls of remove curse
 t - a scroll of enchant weapon
 v - a scroll of teleportation
 A - a scroll of immolation
Potions
 e - 2 potions of might
 f - 3 potions of restore abilities
 g - 3 potions of lignification
 j - a potion of mutation {unknown}
 l - 2 potions of curing
 q - 2 potions of agility
 r - 3 potions of haste
 z - a potion of brilliance
 B - a potion of heal wounds
 G - a potion of ambrosia {unknown}
 H - 3 potions of poison {unknown}
 J - a potion of resistance {unknown}
Books
 E - a book of Control

   Spells                             Type                      Level
   a - Control Teleport               Charms/Translocation         4
   b - Control Undead                 Necromancy                   4
   c - Enslavement                    Hexes                        4
   d - Metabolic Englaciation         Hexes/Ice                    5
   e - Mass Confusion                 Hexes                        6
Comestibles
 d - 4 bread rations
 h - 8 meat rations
 n - a slice of pizza
 w - 2 beef jerkies
 x - 10 fruits


   Skills:
 + Level 9.6 Fighting
 + Level 8.0 Maces & Flails
 - Level 3.2 Armour
 - Level 3.2 Shields


You had 8 spell levels left.
You didn't know any spells.

Dungeon Overview and Level Annotations

Branches:
Dungeon (6/15)             Temple (1/1) D:6

Altars:
Ashenzari
Dithmenos
Elyvilon
Fedhas
Gozag
Makhleb
Nemelex Xobeh
Okawaru
Qazlal
Ru
Sif Muna
Xom
Yredelemnul
The Shining One


Innate Abilities, Weirdness & Mutations

You are resistant to torment.
You are immune to poison.
Your stone body is very resilient (AC +5).
You resist negative energy.
You are resistant to electric shocks.
You can survive without breathing.
You are immune to petrification.
You are immune to rotting.


Message History

* * * LOW HITPOINT WARNING * * *
The centaur shoots an arrow.
The arrow hits you.
* * * LOW HITPOINT WARNING * * *
The arrow burns you.
* * * LOW HITPOINT WARNING * * *
The centaur shoots an arrow of flame.
The arrow of flame hits you.
* * * LOW HITPOINT WARNING * * *
The arrow of flame burns you.
* * * LOW HITPOINT WARNING * * *
Found 10 poisoned needles.
Things that are here:
an arrow of flame; an arrow of frost; 2 fruits The centaur shoots an arrow of frost.
You block the arrow of frost.
The centaur shoots an arrow.
You block the arrow.
The centaur shoots an arrow.
The arrow hits you.
* * * LOW HITPOINT WARNING * * *
The centaur shoots an arrow.
The arrow hits you!
* * * LOW HITPOINT WARNING * * *
The arrow burns you.
You die...

. ..(. ...
..#### ...#≈≈≈
##.≈≈≈≈≈≈
#.≈≈≈≈≈≈≈
##.≈≈≈≈≈≈..
###@(≈≈≈≈≈...
#.(((≈≈≈≈≈c.. ≈
#..##((≈≈≈≈cc..
≈≈ ##
#.(.≈≈≈c..# .≈≈
### ##(.≈≈≈c.##
c≈≈≈ #.#
##(≈≈≈≈.## #.≈≈≈
#.#
#(.≈≈≈≈.####.≈≈≈
#.##
#(..≈≈≈≈≈≈.c≈≈≈≈
##..###
##(.##≈≈≈≈≈
≈≈≈≈≈


You could see 5 centaurs.

Vanquished Creatures
  The ghost of Zeloya the Slicer, an experienced KoAs (D:5)
  A necrophage (D:5)
  A phantom (D:4)
  A black bear (D:6)
  An ogre (D:4)
  Duvessa (D:6)
  A centaur (D:3)
  2 giant frogs (Sewer)
  2 scorpions
  3 wights (D:6)
  Dowan (D:6)
  6 crimson imps
  3 orc wizards
  A worker ant (D:6)
  An iguana (D:6)
  2 river rats (D:5)
  6 adders
  5 giant mites
  4 worms
  An adder skeleton (D:6)
  19 giant geckos
  9 oozes
  10 orcs
  12 ball pythons
  6 bats
  10 giant cockroaches
  9 hobgoblins
  A quokka (D:6)
  18 giant newts
  8 goblins
  7 jackals
  A jackal skeleton (D:5)
  16 kobolds
  A quokka skeleton (D:4)
  15 rats
186 creatures vanquished.

Notes
Turn   | Place    | Note
--------------------------------------------------------------
     0 | D:1      | Kloppie, the Gargoyle Fighter, began the quest for the Orb.
     0 | D:1      | Reached XP level 1. HP: 14/14 MP: 1/1
     0 | D:1      | Noticed a tentacled monstrosity
     0 | D:1      | Noticed a tentacled monstrosity
     3 | D:1      | Noticed a yellow draconian
     5 | D:1      | Noticed an iron dragon
     7 | D:1      | Noticed a yellow draconian
     8 | D:1      | Noticed an iron dragon
    10 | D:1      | Noticed an ice dragon
    10 | D:1      | Noticed an iron dragon
    12 | D:1      | Noticed an ice dragon
    13 | D:1      | Noticed a red draconian
    14 | D:1      | Noticed a tentacled monstrosity
    16 | D:1      | Noticed an iron dragon
    16 | D:1      | Noticed a black draconian
    16 | D:1      | Noticed a shadow dragon
    18 | D:1      | Noticed an orb of fire
    18 | D:1      | Noticed an iron dragon
   168 | D:1      | Reached XP level 2. HP: 18/20 MP: 2/2
   682 | D:2      | Reached skill level 4 in Fighting
   868 | D:2      | Reached XP level 3. HP: 21/24 MP: 3/3
  1053 | D:2      | Found a glowing golden altar of the Shining One.
  1309 | D:2      | Became a worshipper of the Shining One
  1515 | D:3      | Noticed a centaur
  1526 | D:3      | Killed a centaur
  1526 | D:3      | Reached skill level 5 in Fighting
  1526 | D:3      | Reached XP level 4. HP: 11/31 MP: 4/4
  1526 | D:3      | Reached XP level 5. HP: 12/35 MP: 5/5
  1782 | D:3      | Found a shimmering altar of Xom.
  1843 | D:3      | Reached XP level 6. HP: 38/41 MP: 6/6
  2007 | D:3      | Reached skill level 6 in Fighting
  2247 | D:4      | Acquired the Shining One's first power
  2479 | D:4      | Reached skill level 5 in Maces & Flails
  2479 | D:4      | Reached XP level 7. HP: 33/47 MP: 7/7
  2585 | D:4      | Found a blossoming altar of Fedhas.
  3226 | D:5      | Entered Level 5 of the Dungeon
  3296 | D:5      | Found a shimmering altar of Xom.
  3296 | D:5      | Noticed Zeloya's ghost (experienced KoAs)
  3314 | D:5      | Killed Zeloya's ghost
  3314 | D:5      | Reached skill level 7 in Fighting
  3426 | D:5      | Found a glowing drain.
  3432 | Sewer    | Entered a sewer
  3595 | Sewer    | Acquired the Shining One's second power
  3601 | Sewer    | Reached XP level 8. HP: 39/54 MP: 8/8
  3875 | Sewer    | Reached skill level 8 in Fighting
  4735 | D:6      | Reached skill level 9 in Fighting
  4880 | D:6      | Noticed Duvessa
  4895 | D:6      | Killed Duvessa
  4951 | D:6      | Noticed Dowan
  4963 | D:6      | Killed Dowan
  5204 | D:6      | Found a staircase to the Ecumenical Temple.
  5209 | Temple   | Entered the Ecumenical Temple
  5583 | D:6      | Reached XP level 9. HP: 57/61 MP: 9/9
  6152 | D:6      | HP: 1/61 [centaur/arrow (7)]
  6152 | D:6      | Shot with an arrow by a centaur

Action                   |  1- 3 |  4- 6 |  7- 9 || total
-------------------------+-------+-------+-------++-------
Melee: Flail             |   119 |   132 |   378 ||   629
  Use: Potion            |       |       |     1 ||     1
       Scroll            |       |       |    14 ||    14
  Eat: Chunk             |     2 |     3 |    13 ||    18
